SR
QUEBEC CITY BABY BLUES @ AMARILLO WARHEADS
07/29/2042
 
TOP OF THE 1ST
Quebec City Baby Blues batting - Pitching for Amarillo Warheads : RHP Carl Anning
Pitching: RHP Carl Anning
Batting: RHB António Orozco 0-0: Ball
1-0: Fly out, F4 (Line Drive, 4, EV 64.4 MPH)
Batting: RHB Marcus Pattinson 0-0: Single, Error in OF, E9, batter to second base (Line Drive, 9S, EV 100.0 MPH)
Batting: SHB Ronald Dacanay 0-0: Foul Ball, location: 2F
0-1: Swinging Strike
0-2: Ball
1-2: Ground out 6-3 (Groundball, 4M, EV 86.2 MPH)
Marcus Pattinson to third
Batting: RHB Emílio Soto 0-0: Ball
1-0: Ground out 6-3 (Groundball, 6, EV 81.2 MPH)
Top of the 1st over - 0 runs, 1 hit, 1 error, 1 left on base; Quebec City 0 - Amarillo 0
BOTTOM OF THE 1ST
Amarillo Warheads batting - Pitching for Quebec City Baby Blues : LHP Tadamichi Chikafuji
Pitching: LHP Tadamichi Chikafuji
Batting: RHB Héctor Bernard 0-0: Ball
1-0: Ball
2-0: Called Strike
2-1: SINGLE (Line Drive, 7S, EV 106.9 MPH)
Batting: RHB Roy Stewart 0-0: Called Strike
Héctor Bernard is caught stealing 2nd base 2-4
0-1: Ball
1-1: SINGLE (Line Drive, 78S, EV 90.6 MPH)
Batting: RHB Paul Hall 0-0: Swinging Strike
0-1: Ball
1-1: Foul Ball, location: 2F
1-2: Strikes out looking
Batting: RHB Leland Sigurdson 0-0: Called Strike
0-1: Foul Ball, location: 2F
0-2: Strikes out swinging
Bottom of the 1st over - 0 runs, 2 hits, 0 errors, 1 left on base; Quebec City 0 - Amarillo 0
TOP OF THE 2ND
Quebec City Baby Blues batting - Pitching for Amarillo Warheads : RHP Carl Anning
Batting: RHB Gregory Jones 0-0: Ground out 6-3 (Groundball, 6, EV 86.9 MPH)
Batting: RHB Luc Leroux 0-0: SINGLE (Groundball, 4MD, EV 102.5 MPH)
Batting: SHB Chet Davis 0-0: Called Strike
0-1: Ball
1-1: Ball
2-1: Ball
3-1: Called Strike
3-2: SINGLE (Flyball, 8LS, EV 98.8 MPH)
Luc Leroux to second
Batting: RHB Chris Sanders 0-0: Ball
1-0: Foul Ball, location: 2F
1-1: Ball
2-1: Ball
3-1: Base on Balls
Luc Leroux to third
Chet Davis to second
Batting: LHB Ricardo Hernández 0-0: Foul Ball, location: 2F
0-1: Swinging Strike
0-2: Fly out, F9 (Flyball, 9, EV 94.4 MPH)
Runner from 3rd tags up, OUT at HOME! 9-2
Top of the 2nd over - 0 runs, 2 hits, 0 errors, 2 left on base; Quebec City 0 - Amarillo 0
BOTTOM OF THE 2ND
Amarillo Warheads batting - Pitching for Quebec City Baby Blues : LHP Tadamichi Chikafuji
Batting: RHB Soshal Distan Singh 0-0: Foul Ball, location: 2F
0-1: Foul Ball, location: 2F
0-2: Ground out 6-3 (Groundball, 6, EV 84.4 MPH)
Batting: RHB Orlando Ugía 0-0: Called Strike
0-1: SINGLE (Groundball, 4D, EV 94.4 MPH)
Batting: RHB Jin-u Kim 0-0: Called Strike
0-1: SINGLE (Groundball, 6MD, EV 103.1 MPH)
Orlando Ugía to second
Runner from 2nd tries for 3rd, SAFE, throw by CF made to third
Batting: LHB Jönn Rennenberg 0-0: Called Strike
0-1: Foul Ball, location: 2F
0-2: Foul Ball, location: 2F
0-2: Ball
1-2: Strikes out swinging
Batting: LHB Gerald Riley 0-0: Ball
1-0: Called Strike
1-1: Called Strike
1-2: Strikes out swinging
Bottom of the 2nd over - 0 runs, 2 hits, 0 errors, 2 left on base; Quebec City 0 - Amarillo 0
TOP OF THE 3RD
Quebec City Baby Blues batting - Pitching for Amarillo Warheads : RHP Carl Anning
Batting: RHB António Orozco 0-0: Ball
1-0: Called Strike
1-1: Fly out, F6 (Line Drive, 6, EV 66.9 MPH)
Batting: RHB Marcus Pattinson 0-0: Ball
1-0: Foul Ball, location: 2F
1-1: Fly out, F8 (Flyball, 8LM, EV 88.1 MPH)
Batting: SHB Ronald Dacanay 0-0: Ball
1-0: Foul Ball, location: 2F
1-1: Called Strike
1-2: Ball
2-2: Ball
3-2: Strikes out looking
Top of the 3rd over - 0 runs, 0 hits, 0 errors, 0 left on base; Quebec City 0 - Amarillo 0
BOTTOM OF THE 3RD
Amarillo Warheads batting - Pitching for Quebec City Baby Blues : LHP Tadamichi Chikafuji
Batting: RHB Héctor Bernard 0-0: Called Strike
0-1: Foul Ball, location: 2F
0-2: Strikes out looking
Batting: RHB Roy Stewart 0-0: Ball
1-0: Ball
2-0: Ground out 6-3 (Groundball, 6, EV 83.1 MPH)
Batting: RHB Paul Hall 0-0: Called Strike
0-1: Foul Ball, location: 2F
0-2: SINGLE (Line Drive, 8RS, EV 100.0 MPH)
Batting: RHB Leland Sigurdson 0-0: Called Strike
0-1: Ball
1-1: Ball
2-1: Fly out, F8 (Flyball, 8RD, EV 101.9 MPH)
Bottom of the 3rd over - 0 runs, 1 hit, 0 errors, 1 left on base; Quebec City 0 - Amarillo 0
TOP OF THE 4TH
Quebec City Baby Blues batting - Pitching for Amarillo Warheads : RHP Carl Anning
Batting: RHB Emílio Soto 0-0: Ball
1-0: Ground out 4-3 (Groundball, 4, EV 84.4 MPH)
Batting: RHB Gregory Jones 0-0: Swinging Strike
0-1: Foul Ball, location: 2F
0-2: Foul Ball, location: 2F
0-2: Foul Ball, location: 2F
0-2: Fly out, F7 (Flyball, 78M, EV 86.9 MPH)
Batting: RHB Luc Leroux 0-0: Called Strike
0-1: Ball
1-1: Swinging Strike
1-2: Foul Ball, location: 2F
1-2: TRIPLE (Flyball, 89XD, EV 87.5 MPH)
Batting: SHB Chet Davis 0-0: Called Strike
0-1: Swinging Strike
0-2: SINGLE (Groundball, 34D, EV 103.1 MPH)
Luc Leroux scores
Batting: RHB Chris Sanders 0-0: Ground out U3 (Groundball, 34S, EV 63.8 MPH)
Top of the 4th over - 1 run, 2 hits, 0 errors, 1 left on base; Quebec City 1 - Amarillo 0
BOTTOM OF THE 4TH
Amarillo Warheads batting - Pitching for Quebec City Baby Blues : LHP Tadamichi Chikafuji
Batting: RHB Soshal Distan Singh 0-0: Called Strike
0-1: Ball
1-1: SINGLE (Groundball, 13, EV 69.4 MPH) (infield hit)
Batting: RHB Orlando Ugía 0-0: Ball
1-0: Fielders Choice at 2nd, 3-6 (Groundball, 34S, EV 90.0 MPH)
Batting: RHB Jin-u Kim 0-0: Ball
1-0: Swinging Strike
1-1: Foul Ball, location: 2F
1-2: Foul Ball, location: 2F
1-2: Ball
2-2: Strikes out swinging
Batting: LHB Jönn Rennenberg 0-0: Ball
1-0: Called Strike
1-1: Ball
2-1: Foul Ball, location: 2F
2-2: Fielders Choice at 2nd, 6-4 (Groundball, 6, EV 85.6 MPH)
Bottom of the 4th over - 0 runs, 1 hit, 0 errors, 1 left on base; Quebec City 1 - Amarillo 0
TOP OF THE 5TH
Quebec City Baby Blues batting - Pitching for Amarillo Warheads : RHP Carl Anning
Batting: LHB Ricardo Hernández 0-0: SINGLE (Line Drive, 8LS, EV 107.5 MPH)
Batting: RHB António Orozco 0-0: Called Strike
0-1: Fly out, F8 (Flyball, 8RM, EV 83.8 MPH)
Batting: RHB Marcus Pattinson 0-0: Called Strike
0-1: Fielders Choice at 2nd, 4-6 (Groundball, 4, EV 108.1 MPH)
Batting: SHB Ronald Dacanay 0-0: Called Strike
0-1: Ball
1-1: Foul Ball, location: 2F
1-2: Ball
2-2: Foul Ball, location: 2F
2-2: Ground out 4-3 (Groundball, 4, EV 87.5 MPH)
Top of the 5th over - 0 runs, 1 hit, 0 errors, 1 left on base; Quebec City 1 - Amarillo 0
BOTTOM OF THE 5TH
Amarillo Warheads batting - Pitching for Quebec City Baby Blues : LHP Tadamichi Chikafuji
Batting: LHB Gerald Riley 0-0: Foul Ball, location: 2F
0-1: Called Strike
0-2: Foul Ball, location: 2F
0-2: Strikes out swinging
Pitching: RHP Arlen Mata
Batting: RHB Héctor Bernard 0-0: Swinging Strike
0-1: Ball
1-1: Called Strike
1-2: Ball
2-2: Ground out 6-3 (Groundball, 6, EV 107.5 MPH)
Batting: RHB Roy Stewart 0-0: Foul Ball, location: 2F
0-1: Called Strike
0-2: Ball
1-2: Foul Ball, location: 2F
1-2: Foul Ball, location: 2F
1-2: Foul Ball, location: 2F
1-2: Ball
2-2: Strikes out swinging
Bottom of the 5th over - 0 runs, 0 hits, 0 errors, 0 left on base; Quebec City 1 - Amarillo 0
TOP OF THE 6TH
Quebec City Baby Blues batting - Pitching for Amarillo Warheads : RHP Carl Anning
Batting: RHB Emílio Soto 0-0: Fly out, F3 (Popup, 3SF, EV 71.9 MPH)
Batting: RHB Gregory Jones 0-0: Called Strike
0-1: Swinging Strike
0-2: Ball
1-2: Ball
2-2: Fly out, F7 (Flyball, 78D, EV 109.4 MPH)
Batting: RHB Luc Leroux 0-0: Called Strike
0-1: Ball
1-1: Ball
2-1: Called Strike
2-2: Strikes out swinging
Top of the 6th over - 0 runs, 0 hits, 0 errors, 0 left on base; Quebec City 1 - Amarillo 0
BOTTOM OF THE 6TH
Amarillo Warheads batting - Pitching for Quebec City Baby Blues : RHP Arlen Mata
Batting: RHB Paul Hall 0-0: Ball
1-0: Fly out, F6 (Line Drive, 6, EV 66.9 MPH)
Batting: RHB Leland Sigurdson 0-0: Ball
1-0: Fly out, F8 (Flyball, 8LD, EV 94.4 MPH)
Batting: RHB Soshal Distan Singh 0-0: Ball
1-0: Ball
2-0: Called Strike
2-1: Ball
3-1: Foul Ball, location: 2F
3-2: SINGLE (Groundball, 34D, EV 100.0 MPH)
Batting: RHB Orlando Ugía 0-0: Called Strike
0-1: Ball
1-1: Ball
Soshal Distan Singh steals 2nd base
2-1: Foul Ball, location: 2F
2-2: Ground out 5-3 (Groundball, 56S, EV 78.1 MPH)
Bottom of the 6th over - 0 runs, 1 hit, 0 errors, 1 left on base; Quebec City 1 - Amarillo 0
TOP OF THE 7TH
Quebec City Baby Blues batting - Pitching for Amarillo Warheads : RHP Carl Anning
Batting: SHB Chet Davis 0-0: Foul Ball, location: 2F
0-1: Foul Ball, location: 2F
0-2: Ball
1-2: Ball
2-2: SINGLE (Groundball, 56D, EV 104.4 MPH)
Batting: RHB Chris Sanders 0-0: Ball
1-0: Called Strike
1-1: Called Strike
1-2: Fly out, F8 (Flyball, 8RD, EV 82.5 MPH)
Batting: LHB Ricardo Hernández 0-0: Foul Ball, location: 2F
0-1: Called Strike
0-2: Ball
Chet Davis steals 2nd base
1-2: Ball
2-2: Foul Ball, location: 2F
2-2: SINGLE (Groundball, 6MD, EV 108.8 MPH)
Chet Davis to third
Runner from 3rd tries for Home, SAFE, throw by CF to home
Batting: RHB António Orozco 0-0: Foul Ball, location: 2F
0-1: Fly out, F6 (Popup, 6S, EV 80.6 MPH)
Batting: RHB Marcus Pattinson 0-0: Ball
1-0: Ball
2-0: Ball
3-0: Base on Balls
Ricardo Hernández to second
Batting: SHB Ronald Dacanay 0-0: Ball
1-0: Swinging Strike
1-1: Fly out, F8 (Flyball, 8RD, EV 90.6 MPH)
Top of the 7th over - 1 run, 2 hits, 0 errors, 2 left on base; Quebec City 2 - Amarillo 0
BOTTOM OF THE 7TH
Amarillo Warheads batting - Pitching for Quebec City Baby Blues : RHP Arlen Mata
Batting: RHB Jin-u Kim 0-0: Ball
1-0: Ball
2-0: Ground out 4-3 (Groundball, 4, EV 99.4 MPH)
Batting: LHB Jönn Rennenberg 0-0: Ball
1-0: Fly out, F7 (Flyball, 7LS, EV 94.4 MPH)
Batting: LHB Gerald Riley 0-0: Swinging Strike
0-1: Ball
1-1: Fly out, F9 (Flyball, 9, EV 87.5 MPH)
Bottom of the 7th over - 0 runs, 0 hits, 0 errors, 0 left on base; Quebec City 2 - Amarillo 0
TOP OF THE 8TH
Quebec City Baby Blues batting - Pitching for Amarillo Warheads : RHP Carl Anning
Pitching: RHP Alfredo Flores
Batting: RHB Emílio Soto 0-0: Foul Ball, location: 2F
0-1: Called Strike
0-2: Strikes out looking
Batting: RHB Gregory Jones 0-0: Called Strike
0-1: Swinging Strike
0-2: Strikes out looking
Batting: RHB Luc Leroux 0-0: Ball
1-0: Called Strike
1-1: Foul Ball, location: 2F
1-2: Strikes out looking
Top of the 8th over - 0 runs, 0 hits, 0 errors, 0 left on base; Quebec City 2 - Amarillo 0
BOTTOM OF THE 8TH
Amarillo Warheads batting - Pitching for Quebec City Baby Blues : RHP Arlen Mata
Batting: RHB Héctor Bernard 0-0: Ground out 6-3 (Groundball, 56, EV 99.4 MPH)
Batting: RHB Roy Stewart 0-0: Ball
1-0: Foul Ball, location: 2F
1-1: Ball
2-1: Swinging Strike
2-2: Ball
3-2: Strikes out swinging
Batting: RHB Paul Hall 0-0: Ball
1-0: SINGLE (Groundball, 56D, EV 97.5 MPH)
Batting: RHB Leland Sigurdson 0-0: Hit by Pitch
Paul Hall to second
Pinch Hitting: SHB Mario Roldán 0-0: Swinging Strike
0-1: Ball
1-1: Swinging Strike
1-2: Ball
2-2: Ball
3-2: DOUBLE (Line Drive, 7LS, EV 92.5 MPH)
Paul Hall scores
Leland Sigurdson to third
Leland Sigurdson scores
Pitching: RHP William Pettersen
Batting: RHB Orlando Ugía 0-0: Ball
1-0: Ball
2-0: Ball
3-0: Base on Balls
Batting: RHB Jin-u Kim 0-0: Ball
1-0: Foul Ball, location: 2F
1-1: Foul Ball, location: 2F
1-2: Strikes out swinging
Bottom of the 8th over - 2 runs, 2 hits, 0 errors, 2 left on base; Quebec City 2 - Amarillo 2
TOP OF THE 9TH
Quebec City Baby Blues batting - Pitching for Amarillo Warheads : RHP Alfredo Flores
Now at 2B: Tomas Venema
Batting: SHB Chet Davis 0-0: Called Strike
0-1: Ball
1-1: Ball
2-1: Called Strike
2-2: Strikes out swinging
Pinch Hitting: SHB Qing-lai Mak 0-0: Ball
1-0: Foul Ball, location: 2F
1-1: Ball
2-1: Foul Ball, location: 2F
2-2: Foul Ball, location: 2F
2-2: Strikes out swinging
Pinch Hitting: RHB Louwe Heesemans 0-0: Called Strike
0-1: Foul Ball, location: 2F
0-2: Foul Ball, location: 2F
0-2: Ground out 5-3 (Groundball, 56, EV 83.1 MPH)
Top of the 9th over - 0 runs, 0 hits, 0 errors, 0 left on base; Quebec City 2 - Amarillo 2
BOTTOM OF THE 9TH
Amarillo Warheads batting - Pitching for Quebec City Baby Blues : RHP William Pettersen
Pitching: LHP Dave Henderson
Now at C: Jason Hawkins
Now in RF: Qing-lai Mak
Pinch Hitting: SHB Warren Espiritu 0-0: Foul Ball, location: 2F
0-1: Ball
1-1: Ball
2-1: Foul Ball, location: 2F
2-2: Ball
3-2: Ground out 1-3 (Groundball, 13S, EV 75.6 MPH)
Pinch Hitting: RHB Augusto Ortíz 0-0: Ball
1-0: Ground out 1-3 (Groundball, 15S, EV 68.8 MPH)
Batting: RHB Héctor Bernard 0-0: Ball
1-0: Ball
2-0: Ball
3-0: Foul Ball, location: 2F
3-1: Base on Balls
Batting: RHB Roy Stewart 0-0: Ball
1-0: Ball
2-0: Called Strike
2-1: SINGLE (Flyball, 7S, EV 90.0 MPH)
Héctor Bernard to second
Batting: RHB Paul Hall 0-0: Ball
1-0: SINGLE (Groundball, 6MD, EV 100.6 MPH)
Héctor Bernard to third
Roy Stewart to second
Runner from 3rd tries for Home, SAFE, throw by CF to home
Friday, March 26th, 2021 - OOTP Baseball 20.8 Build 74